 Dungeon Crawl Stone Soup version 0.29-a0-997-gf6f7e2dfe7 (webtiles) character file.

Game seed: 396396288727632721

47 xian the Shield-Bearer (level 3, -5/33 HPs)
             Began as a Minotaur Fighter on Aug 5, 2022.
             Slain by a gnoll
             ... wielding a +0 flail
              (10 damage)
             ... on level 2 of the Dungeon.
             The game lasted 00:02:53 (1112 turns).

xian the Shield-Bearer (Minotaur Fighter)           Turns: 1112, Time: 00:02:53

Health: -5/33      AC:  7    Str: 22    XL:     3   Next: 48%
Magic:  2/2        EV:  9    Int:  5    God:
Gold:   101        SH:  4    Dex:  9    Spells: 2/2 levels left

rFire   . . .      SeeInvis .   a - +0 flail
rCold   . . .      Faith    .   c - +0 buckler
rNeg    . . .      Spirit   .   b - +0 scale mail
rPois   .          Reflect  .   (helmet restricted)
rElec   .          Harm     .   (no cloak)
rCorr   .          Rampage  .   (no gloves)
Will    .....                   (no boots)
Stlth   ..........              i - amulet of magic regeneration
HPRegen 0.11/turn               (no ring)
MPRegen 0.48/turn               (no ring)

@: no status effects
A: horns 2, retaliatory headbutt
a: no special abilities


You were on level 2 of the Dungeon.
You visited 1 branch of the dungeon, and saw 2 of its levels.

You collected 101 gold pieces.

Inventory:

Hand Weapons
 a - a +0 flail (weapon)
Armour
 b - a +0 scale mail (worn)
 c - a +0 buckler (worn)
Jewellery
 i - an amulet of magic regeneration (around neck)
Scrolls
 e - 2 scrolls of butterflies {unknown}
 f - a scroll of poison {unknown}
 k - a scroll of teleportation {unknown}
Potions
 d - 2 potions of might
 g - a potion of flight {unknown}
 h - 2 potions of heal wounds {unknown}
 j - a potion of curing {unknown}


   Skills:
 + Level 4.0 Fighting
 + Level 2.7 Maces & Flails
 + Level 4.2 Armour
 + Level 1.0 Dodging
 + Level 4.3 Shields


You had 2 spell levels left.
You didn't know any spells.
Your spell library contained the following spells:

 Spells                   Type           Power      Damage    Failure   Level
 Gell's Gravitas          Tloc           0%         N/A       99%         3
 Lesser Beckoning         Tloc           0%         N/A       99%         3
 Teleport Other           Tloc           0%         N/A       99%         3


Dungeon Overview and Level Annotations

Branches:
Dungeon (2/15)

Altars:


Innate Abilities, Weirdness & Mutations

You have a pair of horns on your head.
You reflexively headbutt those who attack you in melee.


Message History

a jackal corpse; a jackal corpse
Things that are here:
a jackal corpse; a jackal corpse
Found a smoky inky potion.
h - 2 smoky inky potions (gained 1)
Found a stone staircase leading down.
You now have 94 gold pieces (gained 9).
Found a stone staircase leading up.
Found a scale mail.
There is a stone staircase leading up here.
An adder and a gnoll come into view.
The adder hisses angrily.
The gnoll shouts!
You hear a shout! x2
You see here 7 gold pieces.
There are monsters nearby!
Nothing quivered!
You now have 101 gold pieces (gained 7).
A gnoll comes into view. It is wielding a +0 flail.
You closely miss the adder. The adder barely misses you.
The adder closely misses you. You furiously retaliate!
You headbutt the adder. You sock the adder!
You kill the adder!
A gnoll comes into view. It is wielding a +0 flail.
You completely miss the gnoll.
The gnoll shouts!
The gnoll hits you with a +0 flail.
You hit the gnoll but do no damage. The gnoll hits you with a +0 flail.
You barely miss the gnoll. The gnoll hits you with a +0 flail. x2
You see here an adder corpse.
You block the gnoll's attack.
You hit the gnoll but do no damage. You block the gnoll's attack.
You thump the gnoll!
The gnoll is severely wounded.
The gnoll hits you with a +0 flail! x2
* * * LOW HITPOINT WARNING * * *
You block the gnoll's attack.
You hit the gnoll.
You kill the gnoll!
The gnoll hits you with a +0 flail!
You die...

#...... #...... #......
### #...... ...
#########...... ...
...............
#.#############......
####..#...............#.
......)@g<.............>
#####.#g####..#######...
#...[.....# #####
#......##..... .....
#......##^.#### #####
#......##... #..
#......##..# #### #..
#........... .....#..
#.......... #......


You could see 2 gnolls.

Vanquished Creatures
  An adder (D:2)
  A gnoll (D:2)
  4 bats
  4 endoplasms (D:1)
  2 giant cockroaches (D:1)
  5 hobgoblins (D:1)
  7 jackals
  2 kobolds (D:1)
  A quokka (D:1)
  3 ball pythons
  A frilled lizard (D:1)
  A goblin (D:1)
  A rat (D:1)
33 creatures vanquished.

Vanquished Creatures (others)
  A plant (D:1)
1 creature vanquished.

Grand Total: 34 creatures vanquished

Notes
Turn   | Place    | Note
-------+----------+-------------------------------------------
     0 | D:1      | xian the Minotaur Fighter began the quest for the Orb.
     0 | D:1      | Reached XP level 1. HP: 19/19 MP: 0/0
    98 | D:1      | Reached XP level 2. HP: 27/27 MP: 1/1
   239 | D:1      | Found a faded altar of an unknown god.
   590 | D:1      | Reached XP level 3. HP: 33/33 MP: 2/2
   607 | D:1      | Reached skill level 1 in Dodging
  1112 | D:2      | Slain by a gnoll

Illustrated notes

Levels and vault maps discovered:
D:1:      denvon_arrival_planthouse, layout_basic, basic_ecumenical_altar
D:2:      layout_basic, uniq_sigmund

Skill      XL: |  1  2  3 |
---------------+----------+-----
Armour         | 4 |  4.2
Fighting       | 4 |  4.0
Shields        | 4 |  4.3
Dodging        | 1 |  1.0
Maces & Flails | |  2.7

Action                   || total
-------------------------++-------
Melee: Flail             ||    79
       Headbutt          ||    16
Armor: Scale mail        ||    59
Dodge: Dodged            ||    65
Block: Buckler           ||    21

Table legend: (Time is in decaauts)
 A = Elapsed time spent in this place.
 B = Non-inter-level travel time spent in this place.
 C = Inter-level travel time spent in this place.
 D = Time resting spent in this place.
 E = Time spent auto-exploring this place.
 F = Levels seen in this place.
 G = Mean time per level.
                   A        B        C        D        E       F      G
               +--------+--------+--------+--------+--------+-----+--------+
         Total |   1136 |   1114 |     22 |      0 |    774 |   2 |  568.0 |
       Dungeon |   1136 |   1114 |     22 |      0 |    774 |   2 |  568.0 |
               +--------+--------+--------+--------+--------+-----+--------+

Top non-repeatable levels by time:
     D:1: 988 daAuts
     D:2: 148 daAuts
